 Dungeon Crawl Stone Soup version 0.27-a0-1500-g450c7e4133 (webtiles) character file.

Game seed: 4567269429211632719

52 lunkers the Insei (level 4, -1/33 HPs)
             Began as a Djinni Warper on July 7, 2021.
             Slain by Terence (6 damage)
             ... on level 3 of the Dungeon.
             The game lasted 00:06:31 (3502 turns).

lunkers the Insei (Djinni Warper)                   Turns: 3502, Time: 00:06:31

Health: -1/33      AC:  4    Str: 10    XL:     4   Next: 8%
Gold:   97         EV: 11    Int: 15    God:
                   SH:  0    Dex: 13

rFire    + + .     SeeInvis .     - Unarmed
rCold    . . .     Faith    .   (no shield)
rNeg     + . .     Spirit   .   a - +0 leather armour
rPois    ∞         Reflect  .   (helmet currently unavailable)
rElec    .         Harm     .   d - +0 cloak
rCorr    .         Rampage  .   (no gloves)
Will     .....                  (boots unavailable)
Stlth    +.........             (no amulet)
HPRegen  0.11/turn              i - ring of protection from cold
MPRegen  0.00/turn              l - ring of positive energy

@: appendages, flying
A: horns 2, flying, sickness immunity, fire resistance 2, cold vulnerability 1,
float, innate caster, hp casting, extra vitality 1
a: End Transformation


You were on level 3 of the Dungeon.
You had temporarily grown beastly horns.
You visited 1 branch of the dungeon, and saw 3 of its levels.

You collected 97 gold pieces.

Inventory:

Missiles
 c - 5 boomerangs of dispersal
 g - 5 boomerangs
 j - 28 poisoned darts
Armour
 a - a +0 leather armour (worn)
 d - a +0 cloak (worn)
Jewellery
 i - a ring of protection from cold (left hand)
 l - a ring of positive energy (right hand)
Scrolls
 b - a scroll of blinking
 f - a scroll of holy word {unknown}
 h - a scroll of identify {unknown}
 k - a scroll of torment {unknown}
 m - a scroll of fear {unknown}
 n - a scroll of teleportation {unknown}
Potions
 e - a potion of curing


   Skills:
 - Level 2.0 Fighting
 - Level 0.7 Throwing
 - Level 1.0 Armour
 - Level 2.1 Dodging
 * Level 3.5 Unarmed Combat
 + Level 2.8 Spellcasting


You couldn't memorise any spells.
You knew the following spells:

 Your Spells              Type           Power      Damage    Failure   Level
b - Beastly Appendage     Tmut           20%        N/A       9%          1
c - Gell's Gravitas       Tloc           5%         N/A       26%         3
d - Teleport Other        Tloc           10%        N/A       26%         3
e - Manifold Assault      Tloc           10%        N/A       93%         5
p - Blink                 Tloc           N/A        N/A       13%         2
q - Lesser Beckoning      Tloc           5%         N/A       26%         3
Your spell library was empty.

Dungeon Overview and Level Annotations

Branches:
Dungeon (3/15)

Altars:

Annotations:
D:3 Terence


Innate Abilities, Weirdness & Mutations

You have temporarily grown beastly horns.
You are flying.
You are immune to sickness and miasma.
You are immune to poison.
Your flesh is very heat resistant. (rF++)
You are vulnerable to cold. (rC-)
You float through the air rather than walking.
You learn spells naturally, not from books.
Your magical power is your life essence.
You have superior vitality. (+4 HP)


Message History

Level annotation: Terence Terence hits you with a +0 flail.
There is a stone staircase leading up here.
You aren't carrying any items that you can evoke.
Unknown command.
Okay, then.
Casting: Blink (safe; 13% risk of failure)
Confirm with . or Enter, or press ? or * to list all spells.
You grow a pair of large bovine horns.
Terence hits you but does no damage.
You hit Terence but do no damage. You headbutt Terence!
Terence is moderately wounded.
Terence closely misses you.
You hit Terence.
Terence is heavily wounded.
Terence hits you but does no damage.
You hit Terence but do no damage.
Terence is heavily wounded.
Terence hits you with a +0 flail!
You hit Terence. Your headbutt misses Terence.
Terence is severely wounded.
Terence barely misses you.
You hit Terence but do no damage. Your headbutt misses Terence.
Terence is severely wounded.
Terence hits you with a +0 flail.
* * * LOW HITPOINT WARNING * * *
You hit Terence but do no damage. You headbutt Terence, but do no damage.
Terence is severely wounded.
Terence hits you with a +0 flail.
* * * LOW HITPOINT WARNING * * *
You barely miss Terence. You headbutt Terence, but do no damage.
Terence is severely wounded.
Terence hits you with a +0 flail!
* * * LOW HITPOINT WARNING * * *
You closely miss Terence.
Terence is severely wounded.
Terence closely misses you.
You closely miss Terence. You headbutt Terence.
Terence is severely wounded.
Terence hits you with a +0 flail.
You die...

#...#......# ....#
#######...#....#.# .....
..........#......# ....
..........#......# .
..........#......# #+# ..
.########'#......# .. #.#
...........).....#.########.###.#
.................#.##.....#..##.#
.##############@@#.##.....##.....
## ##.#.##.....##.....
#.#.##.....##)....
#.#.##.......÷...#
########.#.##..@...###..@
.........#.........###...
########....#.....##.....
#.........+......+.....
#....##...#.....##.....


You could see Terence.

Vanquished Creatures
  3 worms (D:2)
  5 ball pythons
  9 bats
  4 endoplasms
  3 giant cockroaches
  2 goblins (D:3)
  2 hobgoblins (D:3)
  2 jackals (D:2)
  2 quokkas
  A frilled lizard (D:2)
  5 kobolds
  A rat (D:2)
39 creatures vanquished.

Notes
Turn   | Place    | Note
-------+----------+-------------------------------------------
     0 | D:1      | lunkers the Djinni Warper began the quest for the Orb.
     0 | D:1      | Reached XP level 1. HP: 18/18 MP: 0/0
   350 | D:1      | Reached XP level 2. HP: 23/23 MP: 0/0
  1693 | D:2      | Reached XP level 3. HP: 28/28 MP: 0/0
  1693 | D:2      | Learned a level 1 spell: Beastly Appendage
  1819 | D:2      | Reached skill level 3 in Unarmed Combat
  2800 | D:3      | Reached XP level 4. HP: 21/33 MP: 0/0
  3122 | D:3      | Noticed Terence
  3502 | D:3      | Slain by Terence

Illustrated notes

Levels and vault maps discovered:
D:1:      scummos_arrival_simple_crosswalls, layout_rooms
D:2:      layout_loops_cross
D:3:      layout_basic, uniq_terence

Skill      XL: |  1  2  3 |
---------------+----------+-----
Unarmed Combat | 3 |  3.5
Fighting       | |  2.0
Throwing       | |  0.7
Armour         | |  1.0
Dodging        | |  2.1
Spellcasting   | |  2.8

Action                   |  1- 3 |  4- 6 || total
-------------------------+-------+-------++-------
Melee: Unarmed           |   201 |    31 ||   232
       Punch             |     1 |       ||     1
       Headbutt          |     6 |    11 ||    17
 Cast: Beastly Appendage |    12 |     5 ||    17
       Blink             |       |     1 ||     1
  Use: Potion            |       |     1 ||     1
Armor: Leather armour    |    72 |     3 ||    75
Dodge: Dodged            |   132 |    19 ||   151

Table legend: (Time is in decaauts)
 A = Elapsed time spent in this place.
 B = Non-inter-level travel time spent in this place.
 C = Inter-level travel time spent in this place.
 D = Time resting spent in this place.
 E = Time spent auto-exploring this place.
 F = Levels seen in this place.
 G = Mean time per level.
                   A        B        C        D        E       F      G
               +--------+--------+--------+--------+--------+-----+--------+
         Total |   3494 |   3418 |     76 |    980 |   1840 |   3 | 1164.7 |
       Dungeon |   3494 |   3418 |     76 |    980 |   1840 |   3 | 1164.7 |
               +--------+--------+--------+--------+--------+-----+--------+

Top non-repeatable levels by time:
     D:1: 1578 daAuts
     D:2: 1367 daAuts
     D:3: 548 daAuts
